Map: Beckett Industries LE

Players

Segfault

  • Race: Protoss Protoss
  • League: Platinum

ViBE - Winner!

  • Race: Zerg Zerg
  • League: Diamond

VOD

Have the link to the VOD?

Description

Time

  • Played on: April 9, 2021, 12:40 a.m.
  • Length: 7:36
Show
View Real Time Build Order
Export as new Build Order

Segfault Protoss 

Build Orders: 1 Gate Expand, Chargelot Immortal, Mass Adepts 

Get SALT Encoding   

  12  0:00  Probe  
  13  0:12  Probe  
  14  0:20  Pylon  
  14  0:24  Probe  
  15  0:40  Gateway, Probe (Chrono Boost)  
  16  0:52  Assimilator, Probe (Chrono Boost)  
  17  0:57  Probe (Chrono Boost)  
  18  1:06  Probe  
  19  1:18  Probe  
  20  1:27  Nexus  
  20  1:39  Cybernetics Core, Probe  
  21  1:51  Probe  
  22  1:54  Assimilator  
  22  1:56  Pylon  
  22  2:03  Probe  
  23  2:14  Adept (Chrono Boost), Warp Gate (Chrono Boost)  
  24  2:15  Probe  
  26  2:27  Probe  
  27  2:31  Twilight Council  
  27  2:36  Gateway  
  27  2:39  Probe  
  28  2:44  Probe  
  29  2:52  Probe  
  29  2:56  Probe  
  31  3:01  Resonating Glaives (Chrono Boost)  
  31  3:04  Adept, Probe  
  34  3:09  Probe  
  34  3:10  Gateway  
  35  3:16  Probe  
  31  3:34  Adept  
  37  3:39  Probe x2  
  39  3:46  Pylon  
  39  3:47  Assimilator  
  39  3:49  Pylon  
  39  3:51  Probe  
  39  3:54  Probe  
  41  3:59  Pylon  
  41  4:04  Adept x2  
  41  4:05  Robotics Facility  
  41  4:09  Probe x2  
  47  4:12  Adept  
  49  4:22  Robotics Facility  
  49  4:26  Adept  
  49  4:27  Adept  
  53  4:32  Adept  
  53  4:35  Charge (Chrono Boost)  
  55  4:46  Pylon  
  55  4:47  Probe x2  
  55  4:48  Adept  
  55  4:49  Adept  
  61  4:54  Shield Battery  
  61  5:00  Probe  
  62  5:10  Immortal (Chrono Boost)  
  68  5:15  Immortal (Chrono Boost)  
  64  5:23  Zealot x3  
  58  5:41  Probe  
  59  5:43  Assimilator  
  59  5:45  Zealot x3  
  59  5:49  Immortal (Chrono Boost)  
  65  5:50  Immortal (Chrono Boost)  
  73  6:09  Zealot x2  
  77  6:15  Nexus  
  77  6:18  Pylon  
  77  6:26  Pylon  
  77  6:29  Observer  
  78  6:36  Probe x2, Warp Prism  
  78  6:37  Zealot  
  84  6:44  Forge  
  84  6:48  Probe x2  
  76  7:05  Zealot x2  
  76  7:06  Zealot  
Show
View Real Time Build Order
Export as new Build Order

ViBE Zerg - Winner!

Build Orders: Hatch First 

Get SALT Encoding   

  12  0:00  Drone  
  13  0:14  Overlord  
  13  0:22  Drone  
  14  0:32  Drone  
  14  0:33  Drone  
  16  0:50  Hatchery  
  16  0:54  Drone  
  16  0:59  Drone  
  17  1:04  Drone  
  18  1:19  Spawning Pool  
  18  1:20  Drone  
  18  1:21  Drone  
  19  1:34  Drone  
  20  1:40  Extractor  
  19  1:51  Drone  
  20  2:11  Queen x2  
  20  2:12  Drone x3  
  27  2:18  Overlord  
  27  2:21  Overlord  
  27  2:28  Drone  
  31  2:37  Drone x3  
  31  2:46  Drone x2  
  31  2:48  Lair  
  31  2:51  Queen  
  35  3:00  Overlord  
  35  3:03  Drone  
  36  3:11  Overlord  
  36  3:14  Drone  
  37  3:22  Drone x8  
  37  3:26  Extractor  
  37  3:27  Extractor  
  43  3:28  Roach Warren  
  43  3:29  Evolution Chamber  
  43  3:33  Drone x2  
  43  3:42  Drone x2  
  45  3:56  Hatchery  
  45  4:00  Drone x2  
  45  4:02  Drone x2  
  48  4:07  Zerg Missile Weapons Level 1  
  48  4:08  Glial Reconstitution  
  48  4:12  Overlord  
  48  4:21  Roach x5  
  58  4:24  Roach  
  58  4:30  Queen  
  62  4:40  Roach x2  
  62  4:41  Overlord x2  
  66  4:46  Drone x2  
  68  5:01  Roach  
  68  5:02  Roach x3  
  76  5:07  Roach  
  76  5:08  Roach  
  76  5:10  Queen  
  76  5:12  Roach  
  82  5:16  Roach  
  82  5:18  Roach  
  82  5:22  Roach x4  
  82  5:26  Drone x2  
  87  5:40  Drone x3  
  90  6:03  Overlord x4  
  90  6:14  Overlord  
  90  6:15  Overlord  
  90  6:18  Hydralisk Den  
  90  6:19  Drone  
  90  6:20  Overlord  
  90  6:21  Queen, Drone x8  
  90  6:22  Drone x2, Evolution Chamber  
  101  6:39  Drone x5  
  102  6:56  Roach  
  102  6:57  Roach x9  
  100  7:10  Roach  
  100  7:11  Roach x5  
  93  7:23  Drone x3  
  93  7:24  Drone x4  
Tags
 
Add a new tag
Caveats
  • Supply blocks, unpowered buildings, or Contaminate may cause inaccurate times.
  • Supply counts are checked every 10 seconds.